Map: Winter's Gate LE

Players

Lambo - Winner!

  • Race: Zerg Zerg
  • Spawn Location: 5:00

Cyan

  • Race: Protoss Protoss
  • Spawn Location: 11:00

VOD

Have the link to the VOD?

Description

Time

  • Played on: Sept. 6, 2019, 7:35 p.m.
  • Length: 14:27
Show
View Real Time Build Order
Export as new Build Order

Lambo Zerg - Winner!

Build Orders: Hatch First 

Get SALT Encoding   

  12  0:01  Drone  
  13  0:12  Overlord  
  13  0:17  Drone  
  14  0:30  Drone x2  
  16  0:47  Hatchery  
  15  0:50  Drone  
  15  0:54  Drone  
  17  0:57  Drone  
  18  1:07  Extractor  
  17  1:12  Spawning Pool  
  17  1:15  Drone  
  17  1:19  Drone  
  18  1:28  Drone  
  19  1:39  Drone  
  20  1:50  Overlord  
  20  1:59  Queen x2  
  20  2:00  Zergling x4  
  26  2:09  Drone  
  26  2:10  Drone  
  28  2:21  Drone x2  
  30  2:31  Hatchery  
  30  2:33  Drone  
  30  2:35  Pneumatized Carapace  
  30  2:39  Drone  
  30  2:41  Drone  
  30  2:42  Overlord  
  32  2:50  Queen  
  34  2:55  Drone x2  
  36  3:08  Drone x3  
  36  3:10  Drone  
  36  3:11  Overlord  
  36  3:12  Metabolic Boost  
  40  3:22  Drone  
  40  3:23  Drone  
  40  3:26  Queen  
  44  3:31  Overlord  
  44  3:33  Drone  
  45  3:36  Drone  
  46  3:43  Drone x3  
  46  3:44  Queen  
  46  3:45  Spore Crawler  
  46  3:46  Spore Crawler  
  49  3:51  Spore Crawler, Drone  
  49  3:54  Drone x2  
  51  3:58  Zergling x4  
  51  4:00  Zergling x2  
  54  4:04  Drone x2  
  54  4:05  Drone  
  54  4:09  Overlord  
  57  4:10  Zergling x2  
  57  4:18  Zergling x2  
  57  4:23  Drone  
  57  4:28  Drone x4  
  57  4:29  Drone  
  57  4:30  Drone  
  62  4:32  Drone  
  62  4:35  Roach Warren  
  62  4:36  Drone x2  
  62  4:38  Drone, Extractor  
  63  4:39  Extractor  
  63  4:40  Drone  
  64  4:46  Drone  
  64  4:50  Overlord, Lair  
  65  4:53  Overlord  
  65  4:55  Overlord  
  64  5:00  Overlord  
  64  5:04  Drone  
  65  5:07  Overlord  
  65  5:09  Drone x3  
  65  5:12  Drone x3  
  65  5:14  Overlord, Extractor  
  70  5:16  Roach  
  70  5:17  Roach  
  70  5:21  Roach x2  
  76  5:24  Roach x2  
  80  5:29  Roach  
  80  5:30  Extractor  
  80  5:33  Roach  
  83  5:37  Extractor, Ravager  
  83  5:41  Roach x2  
  83  5:42  Zergling x4, Roach  
  88  5:54  Drone, Roach x3  
  88  5:55  Drone x4  
  98  6:07  Overseer  
  98  6:09  Drone x6  
  104  6:14  Zergling x4  
  104  6:15  Overlord x3  
  106  6:19  Overlord  
  106  6:25  Overlord  
  105  6:26  Overlord  
  105  6:27  Overlord  
  105  6:34  Ravager x2  
  105  6:35  Ravager x3  
  105  6:39  Zergling x16  
  118  6:40  Ravager x2  
  118  6:43  Overlord, Zergling x4  
  118  6:44  Zergling x2  
  123  6:51  Roach  
  123  6:52  Ravager x2  
  127  6:55  Roach x2  
  127  7:00  Roach x4  
  139  7:03  Overlord  
  139  7:07  Roach x3  
  139  7:08  Roach  
  147  7:11  Zergling x2, Roach x2  
  147  7:14  Roach  
  154  7:18  Roach x2  
  154  7:19  Ravager  
  159  7:25  Zergling x2  
  159  7:26  Ravager  
  161  7:30  Zergling x2, Roach x3  
  161  7:34  Ravager  
  161  7:35  Zergling x6  
  161  7:36  Zergling x2  
  173  7:41  Roach  
  173  7:42  Roach x2  
  173  7:43  Zergling x2  
  176  7:48  Overlord, Zergling x4  
  177  7:57  Overlord x2  
  170  7:58  Zergling x8  
  161  8:06  Zergling x4  
  161  8:11  Zergling x6  
  149  8:13  Zergling x6  
  149  8:19  Zergling x6  
  142  8:21  Queen  
  142  8:26  Zergling x2  
  134  8:29  Zergling x2  
  134  8:33  Zergling x2  
  128  8:35  Zergling x8  
  128  8:40  Zergling x2  
  129  8:43  Queen, Overseer  
  129  8:45  Roach  
  133  8:51  Zergling x2, Ravager x9  
  133  8:52  Zergling x8  
  147  9:00  Roach x2  
  147  9:02  Ravager x2  
  152  9:05  Roach x2  
  152  9:06  Ravager  
  152  9:09  Roach  
  158  9:10  Overseer  
  158  9:12  Hatchery  
  158  9:16  Roach x2  
  132  9:26  Zergling x8  
  132  9:29  Roach x2  
  130  9:33  Roach x2  
  130  9:36  Roach x3  
  128  9:43  Roach x2  
  118  9:47  Roach  
  118  9:52  Roach x3  
  121  9:54  Overseer  
  121  9:58  Roach x3  
  123  10:07  Zergling x2  
  123  10:12  Zergling x4  
  115  10:15  Roach  
  115  10:18  Roach x7  
  131  10:24  Ravager x7  
  131  10:25  Zergling x4  
  136  10:29  Zergling x4  
  136  10:32  Zergling x4  
  136  10:35  Overlord  
  137  10:36  Overseer  
  137  10:38  Ravager x3  
  137  10:40  Zergling x2  
  137  10:42  Ravager x3  
  141  10:43  Zergling x2  
  141  10:46  Zergling x4  
  141  10:48  Zergling x2  
  141  10:50  Ravager x4  
  141  10:53  Zergling x4  
  141  10:56  Zergling x2  
  144  10:58  Zergling x4  
  144  11:01  Zergling x2  
  135  11:06  Zergling x6  
  102  11:28  Roach x10  
  102  11:32  Zergling x4  
  121  11:36  Roach  
  116  11:40  Roach  
  116  11:41  Roach  
  116  11:44  Overseer  
  113  11:47  Roach  
  113  11:52  Ravager x7  
  122  11:55  Roach x2  
  122  11:58  Roach  
  121  12:04  Roach x2  
  121  12:07  Roach  
  122  12:10  Zergling x2  
  122  12:11  Zergling x16  
  125  12:16  Zergling x6  
  125  12:18  Zergling x4  
  125  12:21  Zergling x2  
  121  12:23  Roach  
  121  12:26  Roach  
  121  12:28  Roach  
  118  12:30  Roach  
  111  12:38  Roach x3  
  111  12:41  Roach x2  
  113  12:44  Roach x2  
  113  12:47  Roach  
  113  12:49  Roach  
  113  12:51  Roach  
  121  12:54  Roach  
  121  12:56  Roach  
  121  13:00  Ravager x7  
  121  13:05  Ravager x4  
  133  13:06  Zergling x2, Ravager  
  133  13:07  Ravager  
  133  13:09  Roach  
  133  13:12  Overseer  
  137  13:14  Zergling x2  
  137  13:15  Zergling x2  
  137  13:16  Ravager  
  140  13:20  Zergling x6  
  140  13:25  Zergling x8  
  140  13:26  Zergling x2  
  139  13:29  Zergling x4  
  139  13:33  Zergling x8  
  144  13:38  Zergling x2  
  144  13:40  Zergling x8  
  146  13:45  Zergling x2  
  146  13:47  Zergling x6  
  141  13:53  Zergling x6, Overseer  
  134  13:56  Zergling x2  
  134  13:57  Zergling x2  
  134  13:58  Zergling x2  
  134  14:02  Zergling x6  
  134  14:04  Zergling x2  
  141  14:17  Ravager x4  
  141  14:18  Ravager  
Show
View Real Time Build Order
Export as new Build Order

Cyan Protoss 

Build Orders: 1 Gate Expand, Oracle Opening, Phoenix Opening 

Get SALT Encoding   

  12  0:00  Probe  
  13  0:12  Probe  
  14  0:19  Pylon  
  14  0:24  Probe  
  15  0:33  Probe  
  15  0:37  Gateway  
  15  0:41  Probe  
  16  0:46  Assimilator  
  17  0:52  Probe  
  18  1:04  Probe  
  19  1:16  Probe  
  20  1:23  Nexus  
  20  1:34  Cybernetics Core  
  20  1:37  Probe  
  21  1:42  Assimilator  
  21  1:50  Probe  
  21  1:52  Pylon  
  22  2:00  Adept  
  22  2:02  Probe  
  23  2:14  Probe  
  26  2:16  Stargate  
  26  2:25  Probe  
  26  2:27  Warp Gate  
  27  2:31  Probe, Adept  
  27  2:33  Probe  
  30  2:40  Probe  
  30  2:42  Probe  
  32  2:49  Probe  
  33  2:52  Probe  
  33  2:58  Phoenix  
  35  3:01  Probe  
  35  3:04  Probe  
  39  3:09  Pylon  
  39  3:14  Probe  
  39  3:16  Oracle, Probe  
  41  3:21  Gateway  
  41  3:26  Probe  
  45  3:28  Probe  
  45  3:29  Assimilator  
  46  3:34  Assimilator  
  46  3:36  Probe  
  46  3:38  Pylon  
  46  3:39  Adept  
  49  3:42  Probe  
  49  3:44  Probe  
  51  3:52  Probe  
  51  3:53  Oracle  
  54  3:56  Probe  
  54  4:01  Pylon  
  56  4:04  Probe  
  56  4:08  Probe  
  58  4:12  Robotics Facility  
  58  4:19  Probe  
  58  4:21  Probe  
  58  4:27  Adept x2  
  58  4:30  Oracle  
  64  4:37  Gateway  
  64  4:38  Gateway  
  63  4:50  Gateway x2, Adept, Sentry  
  67  4:53  Pylon  
  67  4:56  Pylon  
  67  5:07  Immortal  
  67  5:10  Nexus  
  67  5:11  Pylon  
  71  5:21  Sentry  
  71  5:22  Sentry  
  75  5:30  Pylon  
  75  5:35  Sentry  
  75  5:36  Sentry  
  75  5:41  Pylon  
  79  5:43  Observer  
  72  5:57  Warp Prism  
  72  5:58  Probe x2  
  72  6:00  Zealot x3, Sentry  
  82  6:04  Stalker x2  
  82  6:10  Probe x2  
  90  6:14  Forge  
  90  6:15  Twilight Council  
  90  6:22  Probe  
  90  6:24  Probe x2  
  93  6:28  Stalker x2  
  93  6:31  Protoss Ground Weapons Level 1  
  97  6:35  Probe, Robotics Facility  
  97  6:36  Probe  
  97  6:38  Immortal, Probe, Blink  
  100  6:47  Probe  
  105  6:48  Probe  
  105  6:52  Pylon  
  106  6:56  Probe  
  106  6:59  Probe  
  108  7:02  Probe  
  108  7:06  Shield Battery  
  108  7:07  Shield Battery  
  108  7:08  Shield Battery  
  109  7:10  Stalker x2  
  109  7:11  Immortal  
  113  7:20  Immortal  
  117  7:22  Stalker x2  
  121  7:33  Stalker  
  121  7:36  Shield Battery  
  127  7:38  Shield Battery  
  127  7:43  Zealot x3  
  133  7:50  Pylon  
  131  7:52  Pylon x2  
  125  8:04  Stalker x3  
  119  8:06  Immortal  
  119  8:09  Stalker x2  
  113  8:15  Immortal  
  113  8:19  Stalker  
  107  8:29  Zealot x2  
  107  8:30  Zealot  
  107  8:32  Protoss Ground Weapons Level 2  
  112  8:38  Stalker x2  
  112  8:42  Stalker  
  112  8:45  Immortal, Assimilator  
  118  8:48  Assimilator  
  118  9:00  Stalker  
  120  9:02  Shield Battery  
  120  9:05  Pylon  
  120  9:06  Shield Battery x2  
  120  9:07  Shield Battery  
  120  9:11  Zealot x3  
  120  9:13  Stalker x2  
  110  9:24  Immortal  
  110  9:25  Immortal, Zealot  
  105  9:35  Stalker x2  
  90  9:40  Stalker  
  90  9:41  Zealot  
  77  9:45  Stalker  
  73  9:55  Stalker  
  73  9:59  Stalker  
  74  10:00  Stalker  
  74  10:05  Stalker x2  
  80  10:13  Stalker  
  82  10:15  Probe x3  
  85  10:22  Stalker  
  83  10:36  Stalker  
  83  10:37  Stalker x3  
  91  10:44  Observer  
  91  10:47  Probe x3  
  95  10:51  Immortal  
  99  10:59  Probe  
  99  11:02  Stalker x2  
  98  11:07  Stalker  
  90  11:14  Stalker  
  90  11:17  Immortal  
  84  11:25  Stalker x2  
  71  11:36  Stalker x2  
  69  11:42  Stalker x2  
  67  11:50  Immortal  
  67  11:52  Stalker  
  66  11:55  Stalker  
  69  12:02  Stalker  
  69  12:07  Stalker  
  70  12:18  Stalker  
  63  12:23  Stalker  
  63  12:24  Stalker x2  
  63  12:29  Stalker  
  69  12:35  Stalker  
  71  12:38  Immortal  
  71  12:45  Sentry  
  71  12:50  Sentry x2  
  77  12:55  Sentry, Stalker  
  77  12:57  Stalker  
  77  13:06  Adept x2  
  81  13:17  Immortal  
  83  13:28  Stalker x2  
  83  13:31  Stalker  
  80  13:37  Stalker  
  60  13:48  Stalker x2  
  48  14:00  Sentry x2  
  50  14:05  Stalker  
  52  14:11  Stalker  
  52  14:16  Stalker  
Tags
 
Add a new tag
Caveats
  • Supply blocks, unpowered buildings, or Contaminate may cause inaccurate times.
  • Supply counts are checked every 10 seconds.